 Dungeon Crawl Stone Soup version 0.28-a0-1594-ga885d4b3d6 (webtiles) character file.

Game seed: 14998498925081246701

58 fragbeetle the Chopper (level 4, -5/40 HPs)
             Began as a Hill Orc Monk on Jan 20, 2022.
             Succumbed to a kobold's poison
             ... on level 2 of the Dungeon.
             The game lasted 00:03:56 (2456 turns).

fragbeetle the Chopper (Hill Orc Monk)              Turns: 2456, Time: 00:03:57

Health: -5/40      AC:  5    Str: 15    XL:     4   Next: 2%
Magic:  4/4        EV: 11    Int: 10    God:
Gold:   60         SH:  0    Dex: 13    Spells: 3/3 levels left

rFire   . . .      SeeInvis .   a - +0 hand axe
rCold   . . .      Faith    .   (no shield)
rNeg    . . .      Spirit   .   g - +0 ring mail
rPois   .          Reflect  .   (no helmet)
rElec   .          Harm     .   (no cloak)
rCorr   .          Rampage  .   (no gloves)
Will    .....                   (no boots)
Stlth   +.........              (no amulet)
HPRegen 0.13/turn               (no ring)
MPRegen 0.09/turn               (no ring)

@: lethally poisoned (-5 -> -34)
A: no striking features
a: no special abilities


You were on level 2 of the Dungeon.
You visited 1 branch of the dungeon, and saw 2 of its levels.

You collected 60 gold pieces.

Inventory:

Hand Weapons
 a - a +0 hand axe (weapon)
Missiles
 c - 60 stones (quivered)
 d - 24 bolts
 i - 5 poisoned darts
Armour
 b - a +0 robe
 g - a +0 ring mail (worn)
 l - a +0 kite shield
 m - a +0 cloak
Scrolls
 e - a scroll of enchant armour {unknown}
 f - a scroll of fear {unknown}
 h - 2 scrolls of amnesia {unknown}
 k - a scroll of identify {unknown}
Potions
 j - a potion of haste {unknown}


   Skills:
 - Level 4.0 Fighting
 * Level 5.5 Axes
 + Level 2.9 Dodging
 - Level 1.5 Stealth


You had 3 spell levels left.
You didn't know any spells.
Your spell library was empty.

Dungeon Overview and Level Annotations

Branches:
Dungeon (2/15)

Altars:
Sif Muna

Shops:
D:1 !


Message History

You hit the kobold.
The kobold is moderately wounded.
The kobold hits you with a +1 dagger of venom.
You are poisoned.
You closely miss the kobold.
The kobold is moderately wounded.
You feel very sick. The kobold hits you but does no damage.
You are more poisoned.
You hit the kobold but do no damage.
You feel very sick.
The kobold hits you with a +1 dagger of venom.
You miss the kobold.
You feel very sick.
The kobold hits you with a +1 dagger of venom.
You are more poisoned.
You hit the kobold but do no damage.
You feel very sick. The kobold misses you.
You closely miss the kobold.
You feel very sick. The kobold closely misses you.
You closely miss the kobold.
You feel sick.
The kobold hits you with a +1 dagger of venom.
You are lethally poisoned!
You miss the kobold.
* * * LOW HITPOINT WARNING * * *
You feel very sick. The kobold closely misses you.
The kobold hits you with a +1 dagger of venom.
* * * LOW HITPOINT WARNING * * *
You barely miss the kobold.
* * * LOW HITPOINT WARNING * * *
You feel very sick.
The kobold hits you with a +1 dagger of venom.
* * * LOW HITPOINT WARNING * * *
You are more poisoned.
You hit the kobold.
The kobold is severely wounded.
You die...

#.#
#.....?.......#####g#..#
###.#
####.#.#.K....(>....gg.....
..#.#
#..............########....
#.#.# #g######....####
#.### #.#.###g# ####.# #.#
#.....#.#########.# #.###
#.....#<).........########
#....
......÷(........K........#
##.#.
#....g#########.@.######.#
##.### ......# #..##
##..###.## # #.#g###
#...####......## ....#
#....##........## # #.#.#
###..##.#.#####.###
#÷#.#### #..##.#.# ##.#.
.......# #..##.#.# #..#
....##.# ...##.#.######..#
..### #.###.#..........


You could see a kobold.

Vanquished Creatures
  A gnoll (D:1)
  A worm (D:2)
  2 dart slugs (D:2)
  A bat (D:1)
  4 endoplasms
  4 giant cockroaches (D:1)
  A hobgoblin (D:2)
  7 jackals
  5 kobolds
  A quokka (D:2)
  7 ball pythons
  2 rats
36 creatures vanquished.

Notes
Turn   | Place    | Note
-------+----------+-------------------------------------------
     0 | D:1      | fragbeetle the Hill Orc Monk began the quest for the Orb.
     0 | D:1      | Reached XP level 1. HP: 19/19 MP: 1/1
   265 | D:1      | Found Plog's Distillery.
   272 | D:1      | Reached XP level 2. HP: 23/27 MP: 2/2
   778 | D:1      | Found a faded altar of an unknown god.
   997 | D:2      | Reached XP level 3. HP: 24/33 MP: 3/3
  1094 | D:2      | Found a shimmering blue altar of Sif Muna.
  1107 | D:2      | Reached skill level 5 in Axes
  1982 | D:1      | Reached XP level 4. HP: 4/40 MP: 4/4
  2455 | D:2      | HP: 1/40 [kobold (4)]
  2456 | D:2      | Succumbed to a kobold's poison

Illustrated notes

Levels and vault maps discovered:
D:1:      amcnicky_arrival_gap_in_the_tavern_cellar, layout_basic,
          shapermc_ecumenical_altar_ellora, serial_shops, shop
D:2:      layout_loops_ring, basic_altar

Skill      XL: |  1  2  3 |
---------------+----------+-----
Fighting       | 4 |  4.0
Axes           | 5 |  5.5
Dodging        | |  2.9
Stealth        | |  1.5

Action                   |  1- 3 |  4- 6 || total
-------------------------+-------+-------++-------
Melee: Hand axe          |   121 |    11 ||   132
       Punch             |     1 |       ||     1
 Stab: Distracted        |     1 |       ||     1
Armor: Robe              |     4 |       ||     4
       Ring mail         |    41 |     3 ||    44
Dodge: Dodged            |    83 |     6 ||    89

Table legend: (Time is in decaauts)
 A = Elapsed time spent in this place.
 B = Non-inter-level travel time spent in this place.
 C = Inter-level travel time spent in this place.
 D = Time resting spent in this place.
 E = Time spent auto-exploring this place.
 F = Levels seen in this place.
 G = Mean time per level.
                   A        B        C        D        E       F      G
               +--------+--------+--------+--------+--------+-----+--------+
         Total |   2468 |   2402 |     66 |    969 |    928 |   2 | 1234.0 |
       Dungeon |   2468 |   2402 |     66 |    969 |    928 |   2 | 1234.0 |
               +--------+--------+--------+--------+--------+-----+--------+

Top non-repeatable levels by time:
     D:1: 1838 daAuts
     D:2: 629 daAuts
